TOP OF THE 1ST |
Redwood City Redwoods batting - Pitching for Mile High Broncos : LHP Mark Stewart
|
Pitching: LHP Mark Stewart
|
|
Batting: LHB Tony Warrilow
|
0-0: Ball 1-0: Called Strike 1-1: Called Strike 1-2: Ball 2-2: Foul Ball, location: 2F 2-2: Ball 3-2: SINGLE (Groundball, 6MD)
|
Batting: SHB Jaime Manuel
|
0-0: Foul Ball, location: 2F 0-1: Swinging Strike 0-2: Foul Ball, location: 2F 0-2: Ball 1-2: Foul Ball, location: 2F 1-2: Strikes out swinging
|
Batting: RHB Edgardo Gonzáles
|
0-0: Ball 1-0: Ball 2-0: Called Strike 2-1: Ball 3-1: Swinging Strike 3-2: Base on Balls Tony Warrilow to second
|
Batting: RHB Robinson Martínez
|
0-0: Called Strike 0-1: Ball 1-1: Fly out, F9 (Line Drive, 9S)
|
Batting: LHB Vincente Sáenz
|
0-0: Called Strike 0-1: Ball 1-1: Ball 2-1: Fielders Choice at 2nd, U4 (Groundball, 4M)
|
Top of the 1st over - 0 run(s), 1 hit(s), 0 error(s), 2 left on base; Redwood City 0 - Mile High 0 |
BOTTOM OF THE 1ST |
Mile High Broncos batting - Pitching for Redwood City Redwoods : RHP Ron Williams
|
Pitching: RHP Ron Williams
|
|
Batting: RHB Michael MacDonald
|
0-0: Swinging Strike 0-1: Foul Ball, location: 2F 0-2: Ball 1-2: Foul Ball, location: 2F 1-2: Ground out 1-3 (Groundball, 15)
|
Batting: RHB Damian Yates
|
0-0: Ball 1-0: Ball 2-0: Ball 3-0: Base on Balls
|
Batting: RHB Juan Jose Guevana
|
0-0: Swinging Strike 0-1: Ball 1-1: Ball 2-1: Ball 3-1: Base on Balls Damian Yates to second
|
Batting: RHB Phil White
|
0-0: Foul Ball, location: 2F 0-1: Foul Ball, location: 2F 0-2: Foul Ball, location: 2F 0-2: Ball 1-2: Foul Ball, location: 2F 1-2: Ball 2-2: Foul Ball, location: 2F 2-2: Foul Ball, location: 2F 2-2: Strikes out swinging
|
Batting: LHB Bill Houston
|
0-0: Called Strike 0-1: Ball 1-1: Ball 2-1: Swinging Strike 2-2: Ball 3-2: Foul Ball, location: 2F 3-2: Strikes out looking
|
Bottom of the 1st over - 0 run(s), 0 hit(s), 0 error(s), 2 left on base; Redwood City 0 - Mile High 0 |
TOP OF THE 2ND |
Redwood City Redwoods batting - Pitching for Mile High Broncos : LHP Mark Stewart
|
Batting: LHB Juan Hernández
|
0-0: Called Strike 0-1: Ball 1-1: Foul Ball, location: 2F 1-2: Ball 2-2: DOUBLE (Flyball, 78M)
|
Batting: RHB Bobby McIntosh
|
0-0: Ball 1-0: Ball 2-0: Called Strike 2-1: Ball 3-1: Called Strike 3-2: Foul Ball, location: 2F 3-2: SINGLE (Line Drive, 6D) Juan Hernández to third
|
Batting: RHB Dan Martin
|
0-0: Ball 1-0: Fly out, F9 (Flyball, 89S)
|
Batting: SHB António Trinidad
|
0-0: Ball 1-0: Fly out, F9 (Flyball, 89M) Runner from 3rd tags up, SCORES, throw made
|
Batting: LHB Tony Warrilow
|
0-0: Ball 1-0: Ball 2-0: Called Strike 2-1: Foul Ball, location: 2F 2-2: Ball 3-2: SINGLE (Line Drive, 5L) Bobby McIntosh to second Bobby McIntosh to third
|
Batting: SHB Jaime Manuel
|
0-0: Called Strike 0-1: Swinging Strike 0-2: Ball 1-2: Ball 2-2: Strikes out swinging
|
Top of the 2nd over - 1 run(s), 3 hit(s), 0 error(s), 2 left on base; Redwood City 1 - Mile High 0 |
BOTTOM OF THE 2ND |
Mile High Broncos batting - Pitching for Redwood City Redwoods : RHP Ron Williams
|
Batting: RHB Jesús Espinoza
|
0-0: Called Strike 0-1: Ground out 5-3 (Groundball, 5)
|
Batting: RHB Ximena Campos
|
0-0: Ball 1-0: Called Strike 1-1: Swinging Strike 1-2: Strikes out swinging
|
Batting: RHB José Herrera
|
0-0: Ball 1-0: Ball 2-0: Called Strike 2-1: Foul Ball, location: 2F 2-2: Ball 3-2: Ground out 6-3 (Groundball, 6M)
|
Bottom of the 2nd over - 0 run(s), 0 hit(s), 0 error(s), 0 left on base; Redwood City 1 - Mile High 0 |
TOP OF THE 3RD |
Redwood City Redwoods batting - Pitching for Mile High Broncos : LHP Mark Stewart
|
Batting: RHB Edgardo Gonzáles
|
0-0: Swinging Strike 0-1: Ball 1-1: Fly out, F9 (Flyball, 89D)
|
Batting: RHB Robinson Martínez
|
0-0: Ball 1-0: DOUBLE (Line Drive, 78D)
|
Batting: LHB Vincente Sáenz
|
0-0: Ball 1-0: Called Strike 1-1: Foul Ball, location: 2F 1-2: Ball 2-2: Foul Ball, location: 2F 2-2: SINGLE (Line Drive, 34D) Robinson Martínez to third
|
Batting: LHB Juan Hernández
|
0-0: Ball 1-0: Foul Ball, location: 2F 1-1: Called Strike 1-2: Strikes out swinging
|
Batting: RHB Bobby McIntosh
|
0-0: Fly out, F7 (Flyball, 7M)
|
Top of the 3rd over - 0 run(s), 2 hit(s), 0 error(s), 2 left on base; Redwood City 1 - Mile High 0 |
BOTTOM OF THE 3RD |
Mile High Broncos batting - Pitching for Redwood City Redwoods : RHP Ron Williams
|
Batting: SHB Tom Stevens
|
0-0: Called Strike 0-1: Ball 1-1: Foul Ball, location: 2F 1-2: Fly out, F7 (Flyball, 78XD)
|
Batting: RHB Michael MacDonald
|
0-0: Fly out, F8 (Line Drive, 8RM)
|
Batting: RHB Damian Yates
|
0-0: Swinging Strike 0-1: Swinging Strike 0-2: Ball 1-2: Fly out, F3 (Popup, 3SF)
|
Bottom of the 3rd over - 0 run(s), 0 hit(s), 0 error(s), 0 left on base; Redwood City 1 - Mile High 0 |
TOP OF THE 4TH |
Redwood City Redwoods batting - Pitching for Mile High Broncos : LHP Mark Stewart
|
Batting: RHB Dan Martin
|
0-0: Called Strike 0-1: Ball 1-1: Ball 2-1: Swinging Strike 2-2: Ball 3-2: Ground out 4-3 (Groundball, 4)
|
Batting: SHB António Trinidad
|
0-0: Ball 1-0: Ball 2-0: Called Strike 2-1: Foul Ball, location: 2F 2-2: SINGLE (Flyball, 8LS)
|
Batting: LHB Tony Warrilow
|
0-0: Ball 1-0: Foul Ball, location: 2F 1-1: Ball 2-1: Ball 3-1: Called Strike 3-2: Grounds into double play, 1-6-3 (Groundball, 13S)
|
Top of the 4th over - 0 run(s), 1 hit(s), 0 error(s), 0 left on base; Redwood City 1 - Mile High 0 |
BOTTOM OF THE 4TH |
Mile High Broncos batting - Pitching for Redwood City Redwoods : RHP Ron Williams
|
Batting: RHB Juan Jose Guevana
|
0-0: Called Strike 0-1: Foul Ball, location: 2F 0-2: Foul Ball, location: 2F 0-2: Ball 1-2: Strikes out swinging
|
Batting: RHB Phil White
|
0-0: Ball 1-0: Called Strike 1-1: Ball 2-1: Foul Ball, location: 2F 2-2: Ball 3-2: Foul Ball, location: 2F 3-2: Strikes out swinging
|
Batting: LHB Bill Houston
|
0-0: Ground out 4-3 (Groundball, 4S)
|
Bottom of the 4th over - 0 run(s), 0 hit(s), 0 error(s), 0 left on base; Redwood City 1 - Mile High 0 |
TOP OF THE 5TH |
Redwood City Redwoods batting - Pitching for Mile High Broncos : LHP Mark Stewart
|
Batting: SHB Jaime Manuel
|
0-0: Called Strike 0-1: SINGLE (Line Drive, 4MD)
|
Batting: RHB Edgardo Gonzáles
|
0-0: Called Strike 0-1: Called Strike 0-2: Ball 1-2: Strikes out swinging
|
Batting: RHB Robinson Martínez
|
0-0: Foul Ball, location: 2F 0-1: Foul Ball, location: 2F 0-2: Grounds into double play, 5-4-3 (Groundball, 56)
|
Top of the 5th over - 0 run(s), 1 hit(s), 0 error(s), 0 left on base; Redwood City 1 - Mile High 0 |
BOTTOM OF THE 5TH |
Mile High Broncos batting - Pitching for Redwood City Redwoods : RHP Ron Williams
|
Batting: RHB Jesús Espinoza
|
0-0: Called Strike 0-1: Called Strike 0-2: SINGLE (Groundball, 4MD)
|
Batting: RHB Ximena Campos
|
0-0: Foul Ball, location: 2F 0-1: Ball 1-1: Swinging Strike 1-2: Strikes out looking
|
Batting: RHB José Herrera
|
0-0: Ball 1-0: Fielders Choice at 2nd, 4-6 (Groundball, 4)
|
Batting: SHB Tom Stevens
|
0-0: Ball José Herrera is caught stealing 2nd base
|
Bottom of the 5th over - 0 run(s), 1 hit(s), 0 error(s), 0 left on base; Redwood City 1 - Mile High 0 |
TOP OF THE 6TH |
Redwood City Redwoods batting - Pitching for Mile High Broncos : LHP Mark Stewart
|
Batting: LHB Vincente Sáenz
|
0-0: Foul Ball, location: 2F 0-1: Ball 1-1: Swinging Strike 1-2: Ball 2-2: Ball 3-2: Foul Ball, location: 2F 3-2: DOUBLE (Flyball, 89XD)
|
Pitching: RHP Ramón Soto
|
|
Batting: LHB Juan Hernández
|
0-0: Intentional Walk
|
Batting: RHB Bobby McIntosh
|
0-0: Ball 1-0: Called Strike 1-1: Foul Ball, location: 2F 1-2: Foul Ball, location: 2F 1-2: Ball 2-2: Grounds into double play, 5-4-3 (Groundball, 5) Vincente Sáenz to third
|
Batting: RHB Dan Martin
|
0-0: Ball 1-0: Called Strike 1-1: Ball 2-1: SINGLE (Line Drive, 4MD) Vincente Sáenz scores
|
Batting: SHB António Trinidad
|
0-0: Called Strike 0-1: Foul Ball, location: 2F 0-2: Strikes out looking
|
Top of the 6th over - 1 run(s), 2 hit(s), 0 error(s), 1 left on base; Redwood City 2 - Mile High 0 |
BOTTOM OF THE 6TH |
Mile High Broncos batting - Pitching for Redwood City Redwoods : RHP Ron Williams
|
Batting: SHB Tom Stevens
|
0-0: Called Strike 0-1: Swinging Strike 0-2: Ball 1-2: Strikes out swinging
|
Batting: RHB Michael MacDonald
|
0-0: Ground out 4-3 (Groundball, 4)
|
Batting: RHB Damian Yates
|
0-0: Called Strike 0-1: Ball 1-1: Fly out, F8 (Flyball, 8LM)
|
Bottom of the 6th over - 0 run(s), 0 hit(s), 0 error(s), 0 left on base; Redwood City 2 - Mile High 0 |
TOP OF THE 7TH |
Redwood City Redwoods batting - Pitching for Mile High Broncos : RHP Ramón Soto
|
Batting: LHB Tony Warrilow
|
0-0: Ball 1-0: Ball 2-0: Ball 3-0: Called Strike 3-1: Called Strike 3-2: DOUBLE (Flyball, 8LXD)
|
Batting: SHB Jaime Manuel
|
0-0: SINGLE (Line Drive, 7S) Tony Warrilow to third
|
Batting: RHB Edgardo Gonzáles
|
0-0: SINGLE (Line Drive, 4M) Tony Warrilow scores Jaime Manuel to second
|
Batting: RHB Robinson Martínez
|
0-0: Foul Ball, location: 2F 0-1: Ball 1-1: Called Strike 1-2: Ball 2-2: Foul Ball, location: 2F 2-2: Strikes out swinging
|
Batting: LHB Vincente Sáenz
|
0-0: Called Strike 0-1: SINGLE (Line Drive, 3L) Jaime Manuel to third Edgardo Gonzáles to second
|
Batting: LHB Juan Hernández
|
0-0: Ball 1-0: Ball 2-0: Called Strike 2-1: Foul Ball, location: 2F 2-2: Strikes out swinging
|
Pitching: RHP Myoung-chul Im
|
|
Pinch Hitting: LHB Oliver Frías
|
0-0: SINGLE (Line Drive, 7LS) Jaime Manuel scores Edgardo Gonzáles to third Vincente Sáenz to second Runner from 3rd tries for Home, SAFE, throw made at trailing runner, OUT at third!
|
Top of the 7th over - 3 run(s), 5 hit(s), 0 error(s), 1 left on base; Redwood City 5 - Mile High 0 |
BOTTOM OF THE 7TH |
Mile High Broncos batting - Pitching for Redwood City Redwoods : RHP Ron Williams
|
Now at 1B: Yataro Abe
|
|
Batting: RHB Juan Jose Guevana
|
0-0: Foul Ball, location: 2F 0-1: Ground out 5-3 (Groundball, 56)
|
Batting: RHB Phil White
|
0-0: TRIPLE (Line Drive, 7LM)
|
Batting: LHB Bill Houston
|
0-0: Ball 1-0: Foul Ball, location: 2F 1-1: Foul Ball, location: 2F 1-2: Fly out, F9 (Flyball, 89M) Runner from 3rd tags up, SCORES, no throw
|
Batting: RHB Jesús Espinoza
|
0-0: Ball 1-0: Called Strike 1-1: Ball 2-1: SINGLE (Popup, 89S)
|
Batting: RHB Ximena Campos
|
0-0: Ball 1-0: Called Strike 1-1: Foul Ball, location: 2F 1-2: Ball 2-2: Ball 3-2: Foul Ball, location: 2F 3-2: Base on Balls Jesús Espinoza to second
|
Pitching: RHP Jim Williams
|
|
Batting: RHB José Herrera
|
0-0: Ball 1-0: Ball 2-0: Called Strike 2-1: Foul Ball, location: 2F 2-2: Strikes out swinging
|
Bottom of the 7th over - 1 run(s), 2 hit(s), 0 error(s), 2 left on base; Redwood City 5 - Mile High 1 |
TOP OF THE 8TH |
Redwood City Redwoods batting - Pitching for Mile High Broncos : RHP Myoung-chul Im
|
Batting: RHB Dan Martin
|
0-0: Called Strike 0-1: Called Strike 0-2: Ball 1-2: Ball 2-2: Strikes out swinging
|
Batting: SHB António Trinidad
|
0-0: Ball 1-0: Foul Ball, location: 2F 1-1: Foul Ball, location: 2F 1-2: Ball 2-2: DOUBLE (Groundball, 3L)
|
Batting: LHB Tony Warrilow
|
0-0: Intentional Walk
|
Batting: SHB Jaime Manuel
|
0-0: Ball 1-0: Ball 2-0: Ball 3-0: Called Strike 3-1: Swinging Strike 3-2: Fly out, F8 (Flyball, 8RXD) Runner from 2nd tags up, SAFE at 3rd, no throw
|
Batting: RHB Edgardo Gonzáles
|
0-0: Ball 1-0: Called Strike 1-1: Called Strike 1-2: Strikes out swinging
|
Top of the 8th over - 0 run(s), 1 hit(s), 0 error(s), 2 left on base; Redwood City 5 - Mile High 1 |
BOTTOM OF THE 8TH |
Mile High Broncos batting - Pitching for Redwood City Redwoods : RHP Jim Williams
|
Batting: SHB Tom Stevens
|
0-0: Called Strike 0-1: Foul Ball, location: 2F 0-2: Ball 1-2: Strikes out swinging
|
Batting: RHB Michael MacDonald
|
0-0: Called Strike 0-1: Called Strike 0-2: Ball 1-2: Foul Ball, location: 2F 1-2: Strikes out looking
|
Batting: RHB Damian Yates
|
0-0: Called Strike 0-1: Foul Ball, location: 2F 0-2: Ball 1-2: Ball 2-2: SINGLE (Line Drive, 8RM)
|
Batting: RHB Juan Jose Guevana
|
0-0: Fielders Choice at 2nd, U6 (Groundball, 6M)
|
Bottom of the 8th over - 0 run(s), 1 hit(s), 0 error(s), 1 left on base; Redwood City 5 - Mile High 1 |
TOP OF THE 9TH |
Redwood City Redwoods batting - Pitching for Mile High Broncos : RHP Myoung-chul Im
|
Batting: RHB Robinson Martínez
|
0-0: Ball 1-0: Called Strike 1-1: Foul Ball, location: 2F 1-2: Ball 2-2: Ball 3-2: Strikes out swinging
|
Batting: LHB Vincente Sáenz
|
0-0: SINGLE (Groundball, 34D)
|
Batting: LHB Juan Hernández
|
0-0: Ball 1-0: Called Strike 1-1: Fielders Choice at 2nd, 6-4 (Groundball, 6M)
|
Batting: RHB Yataro Abe
|
0-0: Ball 1-0: Ball 2-0: Called Strike 2-1: Ball 3-1: Called Strike 3-2: Fly out, F5 (Popup, 56)
|
Top of the 9th over - 0 run(s), 1 hit(s), 0 error(s), 1 left on base; Redwood City 5 - Mile High 1 |
BOTTOM OF THE 9TH |
Mile High Broncos batting - Pitching for Redwood City Redwoods : RHP Jim Williams
|
Batting: RHB Phil White
|
0-0: Called Strike 0-1: Ball 1-1: Ball 2-1: Ball 3-1: Base on Balls
|
Batting: LHB Bill Houston
|
0-0: Called Strike 0-1: Ball 1-1: Ball 2-1: Ball 3-1: Base on Balls Phil White to second
|
Pitching: RHP Dale Downs
|
|
Batting: RHB Jesús Espinoza
|
0-0: Ball 1-0: Foul Ball, location: 2F 1-1: Ball 2-1: Foul Ball, location: 2F 2-2: Ball 3-2: Strikes out looking
|
Batting: RHB Ximena Campos
|
0-0: Ball 1-0: Swinging Strike 1-1: Called Strike 1-2: Ball 2-2: Fly out, F6 (Popup, 6)
|
Batting: RHB José Herrera
|
0-0: DOUBLE (Line Drive, 9LM) Phil White scores Bill Houston to third
|
Batting: SHB Tom Stevens
|
0-0: Ball 1-0: Ball 2-0: Ball 3-0: Called Strike 3-1: Reached on error, E6 (Groundball, 6MS) Bill Houston scores José Herrera to third
|
Pinch Hitting: RHB Juan Gonzáles
|
0-0: Ball 1-0: Ball 2-0: Ball 3-0: Called Strike 3-1: Foul Ball, location: 2F 3-2: Base on Balls Tom Stevens to second
|
Batting: RHB Damian Yates
|
0-0: Foul Ball, location: 2F 0-1: Ball 1-1: Fielders Choice at 2nd, 6-4 (Groundball, 6)
|
Bottom of the 9th over - 2 run(s), 1 hit(s), 1 error(s), 2 left on base; Redwood City 5 - Mile High 3 |
|